 Dungeon Crawl Stone Soup version 0.23.2-33-g5129a83184 (webtiles) character file.

Game seed: 15325485624639420123

58 dembora the Charmwright (level 4, -2/51 HPs)
             Began as a Merfolk Skald on June 28, 2019.
             Killed from afar by Sigmund (12 damage)
             ... with a puff of flame
             ... on level 2 of the Dungeon.
             The game lasted 00:08:02 (1840 turns).

dembora the Charmwright (Merfolk Skald)             Turns: 1840, Time: 00:08:03

Health: -2/51      AC:  4    Str: 16    XL:     4   Next: 2%
Magic:  7/7        EV: 13    Int: 12    God:
Gold:   72         SH:  0    Dex: 14    Spells: 6/7 levels left

rFire    . . .     SeeInvis .   a - +0 falchion
rCold    . . .     Gourm    .   (no shield)
rNeg     . . .     Faith    .   b - +0 leather armour
rPois    .         Spirit   .   h - +0 helmet
rElec    .         Reflect  .   (no cloak)
rCorr    .         Harm     .   (no gloves)
MR       .....                  (no boots)
Stlth    ..........             (no amulet)
HPRegen  0.17/turn              (no ring)
MPRegen  0.10/turn              (no ring)

@: berserking, flying, very quick
A: change form in water, swift swim, stealthy swim
a: no special abilities


You were on level 2 of the Dungeon.
You were not hungry.

You visited 1 branch of the dungeon, and saw 2 of its levels.

You collected 72 gold pieces.

Inventory:

Hand Weapons
 a - a +0 falchion (weapon)
 l - a +0 short sword of holy wrath
Armour
 b - a +0 leather armour (worn)
 h - a +0 helmet (worn)
Scrolls
 e - 2 scrolls of enchant weapon {unknown}
 g - 5 scrolls of identify {unknown}
 i - 2 scrolls of remove curse {unknown}
 k - 2 scrolls of teleportation {unknown}
Potions
 f - a potion of curing
 j - a potion of heal wounds {unknown}
Comestibles
 d - 5 rations
 n - 2 chunks of flesh


   Skills:
 + Level 2.4 Fighting
 + Level 3.0 Long Blades
 + Level 1.1 Armour
 + Level 3.3 Dodging
 + Level 0.3 Stealth
 + Level 2.2 Spellcasting
 + Level 3.6 Charms


You had 6 spell levels left.
You knew the following spells:

 Your Spells              Type           Power        Failure   Level  Hunger
a - Infusion              Chrm           ##..         8%          1    ##.....

Your spell library contained the following spells:

 Spells                   Type           Power        Failure   Level  Hunger
 Song of Slaying          Chrm           ##......     11%         2    ###....
 Shroud of Golubria       Chrm/Tloc      #.........   24%         2    ###....
 Regeneration             Chrm/Necr      #.........   43%         3    ####...
 Spectral Weapon          Hex/Chrm       #.......     43%         3    ####...


Dungeon Overview and Level Annotations

Branches:
Dungeon (2/15)

Altars:
Trog

Annotations:
D:2 Sigmund


Message History

You see here a dagger.
A magic dart appears from out of thin air!
The magic dart hits you!
* * * LOW HITPOINT WARNING * * *
The goblin shoots a stone.
The stone hits you but does no damage.
You see here a stone.
It was a potion of curing.
You feel better.
It was a potion of flight.
You feel very buoyant.
You fly up into the air.
The goblin shoots a stone.
The stone hits you.
* * * LOW HITPOINT WARNING * * *
It was a potion of berserk rage.
A red film seems to cover your vision as you go berserk!
You feel yourself moving faster!
You feel mighty!
You feel a strong urge to attack something.
The goblin shoots a stone.
You hear some strange, mumbled words.
A puff of flame appears from out of thin air!
The puff of flame hits you!
You die...

...###...## ####....####.##
.#..#..#.(# ##....####....#
......###.## #..######..####
#.#.#..##..#######.## ##..#
#.g(.g....(........### #..#
..#.#รท...g..rg.......###.###
#.#.#.).###...()####.......#####
#.#.#...# #####(.# ####..#>....#
#.#.....### ##@# #.######.#
#.##......#### #.######.# #.#
#............# #.....##.# #.#
#.####.###...# #####>#..# #.#
..# #.# ##.# #...## #.# #.#
.########.## #.# #.#
...........## #.# #.#
...#######..######.# ..# #...##
##......#.#


You could see a goblin and a rat.

Vanquished Creatures
  2 adders (D:2)
  A dart slug (D:2)
  A leopard gecko (D:2)
  9 bats
  4 giant cockroaches
  6 goblins
  5 hobgoblins
  3 kobolds
  5 rats
36 creatures vanquished.

Notes
Turn   | Place    | Note
-------+----------+-------------------------------------------
     0 | D:1      | dembora the Merfolk Skald began the quest for the Orb.
     0 | D:1      | Reached XP level 1. HP: 16/16 MP: 3/3
   289 | D:1      | Reached XP level 2. HP: 22/22 MP: 5/5
   869 | D:1      | Reached skill level 1 in Armour
  1010 | D:1      | Reached XP level 3. HP: 27/27 MP: 6/6
  1468 | D:2      | Found a bloodstained altar of Trog.
  1777 | D:2      | Reached XP level 4. HP: 25/34 MP: 7/7
  1809 | D:2      | Noticed Sigmund
  1840 | D:2      | Killed from afar by Sigmund

Skill      XL: |  1  2  3 |
---------------+----------+-----
Dodging        | 3 |  3.3
Armour         | 1 |  1.1
Long Blades    | 3 |  3.0
Fighting       | |  2.4
Stealth        | |  0.3
Spellcasting   | |  2.2
Charms         | |  3.6

Action                   |  1- 3 |  4- 6 || total
-------------------------+-------+-------++-------
Melee: Falchion          |   104 |     3 ||   107
  Use: Potion            |       |     3 ||     3
  Eat: Ration            |     1 |       ||     1
Armor: Leather armour    |    56 |     2 ||    58
Dodge: Dodged            |   137 |     6 ||   143
       Rpst.: Falchion   |    36 |     1 ||    37
